Map: Romanticide LE

Players

ShoWTimE - Winner!

  • Race: Protoss Protoss
  • League: Grandmaster

SKillous

  • Race: Protoss Protoss
  • League: Grandmaster

Event: DreamHack SC2 Masters 2021 Summer

VOD

Have the link to the VOD?

Description

Time

  • Played on: May 28, 2021, 1:20 p.m.
  • Length: 8:54

All games in this series

Show
View Real Time Build Order
Export as new Build Order

ShoWTimE Protoss - Winner!

Build Orders: Phoenix Opening 

Get SALT Encoding   

  12  0:00  Probe  
  13  0:12  Probe  
  14  0:17  Pylon  
  14  0:24  Probe (Chrono Boost)  
  15  0:36  Probe (Chrono Boost), Gateway  
  16  0:44  Probe (Chrono Boost)  
  16  0:46  Assimilator  
  17  0:50  Probe  
  17  0:54  Assimilator  
  18  1:03  Probe (Chrono Boost)  
  19  1:07  Gateway  
  19  1:12  Probe (Chrono Boost)  
  19  1:17  Probe (Chrono Boost)  
  20  1:24  Cybernetics Core  
  21  1:29  Probe  
  22  1:35  Pylon  
  22  1:41  Probe  
  23  1:53  Probe  
  24  2:00  Stalker  
  28  2:02  Warp Gate  
  28  2:06  Sentry  
  28  2:07  Probe  
  29  2:12  Pylon  
  29  2:31  Pylon  
  29  2:32  Sentry  
  29  2:34  Stalker  
  33  2:40  Phoenix  
  33  2:50  Nexus  
  33  2:52  Probe  
  34  2:58  Shield Battery  
  34  3:00  Sentry  
  34  3:05  Probe (Chrono Boost)  
  37  3:10  Pylon  
  37  3:17  Probe (Chrono Boost)  
  38  3:23  Probe (Chrono Boost)  
  38  3:26  Robotics Facility  
  39  3:28  Phoenix  
  39  3:32  Probe  
  40  3:45  Probe  
  41  3:50  Stalker x2  
  46  4:03  Cybernetics Core  
  46  4:07  Probe  
  46  4:08  Probe  
  47  4:13  Observer (Chrono Boost), Stalker x2  
  47  4:16  Phoenix  
  52  4:20  Probe x2  
  54  4:32  Probe x2  
  54  4:33  Observer  
  54  4:38  Cybernetics Core  
  57  4:41  Forge  
  57  4:44  Probe  
  57  4:45  Probe  
  59  4:48  Stalker  
  61  4:59  Pylon  
  61  5:03  Phoenix  
  61  5:07  Protoss Ground Weapons Level 1 (Chrono Boost)  
  61  5:12  Probe  
  62  5:15  Pylon  
  62  5:17  Probe  
  62  5:18  Twilight Council  
  63  5:23  Assimilator  
  63  5:24  Probe  
  64  5:29  Probe  
  65  5:38  Pylon, Nexus  
  65  5:41  Probe  
  65  5:42  Probe  
  67  5:45  Phoenix  
  67  5:46  Gateway  
  67  5:47  Gateway  
  67  5:48  Blink (Chrono Boost)  
  67  5:52  Pylon  
  67  5:59  Probe x2  
  67  6:03  Gateway  
  69  6:12  Gateway  
  69  6:21  Shield Battery, Immortal  
  69  6:25  Probe x2  
  75  6:26  Phoenix  
  75  6:31  Stalker  
  77  6:35  Stalker  
  77  6:37  Probe, Pylon  
  80  6:42  Pylon  
  80  6:47  Stalker  
  80  6:49  Shield Battery  
  80  6:53  Probe x3  
  85  6:57  Stalker  
  85  7:00  Stalker  
  89  7:07  Immortal  
  93  7:11  Shield Battery  
  93  7:13  Stalker  
  95  7:16  Stalker  
  95  7:21  Stalker  
  95  7:22  Stalker  
  101  7:34  Zealot x2  
  105  7:42  Shield Battery  
  105  7:44  Stalker x2  
  105  7:47  Zealot  
  110  7:55  Stalker x2  
  112  8:04  Stalker  
  112  8:06  Warp Prism  
  112  8:09  Pylon  
  112  8:11  Pylon  
  114  8:15  Zealot x2  
  112  8:21  Stalker x2  
  112  8:23  Probe x2  
  109  8:32  Stalker x2  
  103  8:34  Probe  
  103  8:35  Probe  
  103  8:36  Probe  
  103  8:38  Stalker  
  99  8:41  Zealot  
Show
View Real Time Build Order
Export as new Build Order

SKillous Protoss 

Build Orders: Zealot Archon, Dark Templar Rush 

Get SALT Encoding   

  12  0:00  Probe  
  13  0:12  Probe  
  14  0:17  Pylon  
  14  0:25  Probe (Chrono Boost)  
  15  0:37  Probe (Chrono Boost)  
  15  0:39  Gateway  
  16  0:45  Probe (Chrono Boost)  
  16  0:46  Assimilator  
  17  0:51  Probe  
  17  0:54  Assimilator  
  18  1:03  Probe (Chrono Boost)  
  19  1:07  Gateway  
  19  1:12  Probe (Chrono Boost)  
  19  1:17  Probe (Chrono Boost)  
  21  1:26  Cybernetics Core  
  21  1:29  Probe  
  22  1:36  Pylon  
  22  1:41  Probe  
  23  1:54  Probe  
  24  1:59  Warp Gate (Chrono Boost)  
  24  2:02  Adept x2  
  24  2:06  Probe  
  29  2:13  Pylon  
  29  2:18  Probe  
  30  2:31  Twilight Council  
  30  2:32  Adept  
  30  2:35  Adept  
  34  3:02  Pylon, Adept  
  34  3:05  Adept  
  38  3:08  Dark Shrine  
  38  3:27  Nexus  
  38  3:41  Adept  
  40  3:42  Adept  
  40  3:44  Probe  
  43  3:50  Pylon  
  43  3:57  Probe  
  43  4:09  Probe  
  44  4:20  Dark Templar x2  
  44  4:21  Probe (Chrono Boost)  
  49  4:28  Robotics Facility  
  48  4:33  Probe (Chrono Boost)  
  48  4:38  Probe (Chrono Boost)  
  48  4:39  Forge  
  48  4:43  Probe  
  50  4:46  Archon  
  50  4:48  Probe  
  51  4:55  Probe (Chrono Boost)  
  50  5:00  Probe (Chrono Boost)  
  52  5:07  Probe (Chrono Boost)  
  52  5:08  Protoss Ground Weapons Level 1 (Chrono Boost), Sentry  
  52  5:09  Stalker  
  52  5:10  Probe (Chrono Boost)  
  52  5:11  Shield Battery  
  52  5:13  Probe (Chrono Boost)  
  58  5:20  Immortal  
  62  5:22  Probe  
  62  5:23  Probe  
  62  5:26  Assimilator  
  64  5:33  Charge  
  64  5:34  Probe  
  65  5:35  Assimilator  
  65  5:37  Pylon  
  65  5:44  Probe  
  66  5:50  Probe  
  66  5:56  Probe  
  68  5:59  Observer  
  68  6:03  Gateway  
  68  6:04  Gateway  
  69  6:06  Gateway  
  69  6:07  Gateway  
  69  6:10  Gateway  
  69  6:15  Gateway  
  69  6:17  Probe  
  70  6:22  Warp Prism (Chrono Boost)  
  70  6:31  Pylon  
  72  6:43  Dark Templar x2  
  72  6:46  Pylon  
  76  6:48  Archon  
  76  7:03  Dark Templar x4  
  76  7:06  Pylon  
  76  7:07  Archon x2, Pylon  
  84  7:09  Zealot  
  84  7:10  Zealot  
  88  7:16  Pylon  
  88  7:17  Zealot  
  88  7:19  Zealot  
  92  7:35  Dark Templar  
  94  7:37  Dark Templar x2  
  94  7:38  Zealot x2  
  94  7:41  Archon  
  94  7:42  Zealot  
  94  7:44  Zealot  
  100  7:59  Zealot x3  
  100  8:05  Zealot x2  
  102  8:16  Zealot x4  
  90  8:27  Zealot x3  
  90  8:28  Zealot  
  78  8:38  Zealot x2  
  78  8:40  Zealot  
Tags
 
Add a new tag
Caveats
  • Supply blocks, unpowered buildings, or Contaminate may cause inaccurate times.
  • Supply counts are checked every 10 seconds.